 Dungeon Crawl Stone Soup version 0.25.1-2-g60ff931df9 (webtiles) character file.

Game seed: 11192783863094220992

786 gruber the Stinger (level 7, -7/57 HPs)
             Began as a Naga Transmuter on Aug 23, 2020.
             Was an Initiate of Cheibriados.
             Shot with an arrow by a centaur (13 damage)
             ... on level 6 of the Dungeon.
             The game lasted 00:08:34 (6829 turns).

gruber the Stinger (Naga Transmuter)                Turns: 6829, Time: 00:08:35

Health: -7/57      AC:  2    Str: 14    XL:     7   Next: 86%
Magic:  9/10       EV: 19    Int: 16    God:    Cheibriados [......]
Gold:   257        SH:  0    Dex: 17    Spells: 4/10 levels left

rFire    . . .     SeeInvis +     - Unarmed
rCold    . . .     Gourm    .   (shield currently unavailable)
rNeg     . . .     Faith    .   (armour currently unavailable)
rPois    x         Spirit   .   (helmet currently unavailable)
rElec    .         Reflect  .   (cloak currently unavailable)
rCorr    .         Harm     .   (gloves currently unavailable)
MR       .....                  (no barding)
Stlth    ++........             c - amulet of magic regeneration
HPRegen  0.19/turn              (no ring)
MPRegen  0.37/turn              (no ring)

@: short of breath, spider-form, very slow
A: tiny, see invisible, slow metabolism 1, spit poison 1, AC +2
a: Spit Poison, End Transformation, Bend Time, Renounce Religion


You were on level 6 of the Dungeon.
You worshipped Cheibriados.
Cheibriados was noncommittal.
You were hungry.
You were a venomous arachnid creature.
You visited 2 branches of the dungeon, and saw 7 of its levels.

You collected 257 gold pieces.

Inventory:

Missiles
 a - 44 arrows
Armour
 b - a +0 robe (melded)
 u - a +0 helmet (melded)
 w - a +2 cloak (melded)
Jewellery
 c - an amulet of magic regeneration (around neck)
 z - an uncursed ring of resist corrosion {unknown}
Wands
 p - a wand of random effects (16)
 r - a wand of disintegration (13)
 y - a wand of flame (9)
Scrolls
 g - 2 scrolls of teleportation
 i - a scroll of fear {unknown}
 l - 2 scrolls of identify {unknown}
 m - 4 scrolls of remove curse {unknown}
 o - 3 scrolls of enchant weapon {unknown}
 t - a scroll of random uselessness {unknown}
 v - a scroll of immolation {unknown}
 x - a scroll of amnesia {unknown}
Potions
 e - 2 potions of curing {unknown}
 f - 2 potions of ambrosia {unknown}
 h - a potion of magic {unknown}
 j - 4 potions of degeneration {unknown}
 k - a potion of flight {unknown}
 n - a potion of haste
 q - a potion of might {unknown}
 s - a potion of berserk rage {unknown}
Comestibles
 d - 4 rations


   Skills:
 - Level 1.0 Fighting
 - Level 1.5 Dodging
 - Level 5.0 Unarmed Combat
 - Level 2.0 Spellcasting
 - Level 5.3 Transmutations
 + Level 7.0 Poison Magic


You had 4 spell levels left.
You knew the following spells:

 Your Spells              Type           Power        Failure   Level  Hunger
a - Beastly Appendage     Tmut           ###...       9%          1    #......
b - Sticks to Snakes      Tmut           ###.....     12%         2    ###....
c - Spider Form           Tmut/Pois      ###.......   14%         3    ###....

Your spell library contained the following spells:

 Spells                   Type           Power        Failure   Level  Hunger
 Ice Form                 Ice/Tmut       ##......     77%         4    #####..
 Blade Hands              Tmut           ###.......   75%         5    ######.


Dungeon Overview and Level Annotations

Branches:
Dungeon (6/15)             Temple (1/1) D:4

Altars:
Cheibriados
Dithmenos
Elyvilon
Fedhas
Gozag
Hepliaklqana
Makhleb
Nemelex Xobeh
Okawaru
Qazlal
Ru
Sif Muna
Trog
Uskayaw
Vehumet
Wu Jian
Yredelemnul
The Shining One


Innate Abilities, Weirdness & Mutations

You cannot wear boots.
((Your serpentine skin is tough. (AC +2)))
You have supernaturally acute eyesight. (SInv)
((Armour fits poorly on your strangely shaped body.))
((Your system is resistant to poisons. (rPois)))
((You cover ground very slowly.))
You have a slow metabolism.
You can spit poison.


Message History

Unknown command.
You hit the centaur.
The centaur is moderately wounded.
The centaur completely misses you. The centaur barely misses you.
Unknown command.
Unknown command.
You are feeling hungry.
You completely miss the centaur.
The centaur is moderately wounded.
A centaur comes into view. It is wielding a +0 rapier.
The centaur barely misses you.
Unknown command.
Unknown command.
The centaur shouts!
You hit the centaur but do no damage.
The centaur looks even sicker.
The centaur is moderately wounded.
The centaur misses you.
The centaur unwields a +0 rapier.
The centaur wields a +0 shortbow.
The centaur shoots an arrow.
The arrow hits you!
You die...

#...... #....c.
...... # ###....
.#
.......#####.#
.............#
.[....c......#
..$....s.....#
.............#
.......(.###+###
.......#(......#
########(......#
#(......#
#.((....#
#.......#
#.......#


You could see 2 centaurs.

Vanquished Creatures
  A black bear (D:4)
  An ogre (D:5)
  A centaur (D:5)
  A big kobold (D:4)
  A crimson imp (D:4)
  A centaur skeleton (D:5)
  3 hounds
  An orc priest (D:4)
  An orc wizard (D:4)
  A worker ant (D:5)
  A hound skeleton (D:4)
  2 gnolls (D:3)
  5 adders
  A shadow imp (D:5)
  An ooze (D:1)
  A worm (D:5)
  2 dart slugs
  2 leopard geckos
  8 orcs
  2 ball pythons
  10 bats
  3 giant cockroaches
  5 goblins
  11 hobgoblins
  8 jackals (D:2)
  5 frilled lizards
  8 kobolds
  7 rats
94 creatures vanquished.

Vanquished Creatures (collateral kills)
  A howler monkey (D:4)
  An orc wizard (D:4)
  A gnoll (D:3)
  An adder (D:3)
  A worm (D:3)
  A dart slug (D:3)
  A leopard gecko (D:3)
  2 orcs (D:4)
  A goblin (D:3)
  A kobold (D:4)
11 creatures vanquished.

Grand Total: 105 creatures vanquished

Notes
Turn   | Place    | Note
-------+----------+-------------------------------------------
     0 | D:1      | gruber the Naga Transmuter began the quest for the Orb.
     0 | D:1      | Reached XP level 1. HP: 18/18 MP: 3/3
   305 | D:1      | Reached XP level 2. HP: 21/25 MP: 5/5
   953 | D:2      | Reached XP level 3. HP: 26/31 MP: 6/6
  1590 | D:2      | Found a sacrificial altar of Ru.
  1993 | D:2      | Reached XP level 4. HP: 36/38 MP: 7/7
  2223 | D:2      | Reached skill level 5 in Unarmed Combat
  2292 | D:2      | Learned a level 2 spell: Sticks to Snakes
  2296 | D:2      | Learned a level 3 spell: Spider Form
  2368 | D:2      | Found a burning altar of Makhleb.
  2918 | D:3      | Noticed an earth elemental
  2921 | D:3      | Found a stormy altar of Qazlal.
  2922 | D:3      | Noticed a water elemental
  2922 | D:3      | Noticed a fire elemental
  2922 | D:3      | Noticed an air elemental
  3482 | D:3      | Reached XP level 5. HP: 43/44 MP: 2/8
  3726 | D:3      | Found a blossoming altar of Fedhas.
  3935 | D:4      | Found a staircase to the Ecumenical Temple.
  3979 | D:4      | Reached skill level 1 in Poison Magic
  4302 | D:4      | Reached XP level 6. HP: 47/51 MP: 6/9
  4369 | D:4      | Noticed a black bear
  4383 | D:4      | Killed a black bear
  4383 | D:4      | Reached skill level 5 in Transmutations
  4411 | D:4      | Reached skill level 2 in Poison Magic
  4463 | D:4      | Reached skill level 4 in Poison Magic
  4463 | D:4      | Reached XP level 7. HP: 23/57 MP: 10/10
  5256 | Temple   | Entered the Ecumenical Temple
  5309 | Temple   | Became a worshipper of Cheibriados the Contemplative
  5357 | D:5      | Entered Level 5 of the Dungeon
  5413 | D:5      | Reached skill level 5 in Poison Magic
  5481 | D:5      | Found an ornate altar of the Wu Jian Council.
  5494 | D:5      | Reached skill level 6 in Poison Magic
  6084 | D:5      | Reached skill level 7 in Poison Magic
  6353 | D:5      | Noticed a moth of wrath
  6356 | D:5      | Found a bloodstained altar of Trog.
  6380 | D:5      | Reached * piety under Cheibriados
  6829 | D:6      | Shot with an arrow by a centaur

Illustrated notes

Levels and vault maps discovered:
D:1:      minmay_arrival_split_and_join, layout_basic, item_on_display_a
D:2:      layout_basic, marbit_many_paths, lemuel_round_altar
D:3:      wander_river, layout_basic, nicolae_qazlal_style_of_elements,
          fedhas_altar_2
D:4:      cheibrodos_thug_alley, layout_gridville, temple_fountains,
          first_ration
D:5:      layout_gridville, lemuel_crystal_altar, tgw_trog
D:6:      layout_basic, ashenzari_conservatory_becter
Temple:   nicolae_temple_x_marks_the_god

Skill      XL: |  1  2  3  4  5  6  7 |
---------------+----------------------+-----
Unarmed Combat | 4 5 |  5.0
Transmutations | 3 4 5 |  5.3
Poison Magic   | 1 4 7 |  7.0
Fighting       | |  1.0
Dodging        | |  1.5
Spellcasting   | |  2.0

Action                   |  1- 3 |  4- 6 |  7- 9 || total
-------------------------+-------+-------+-------++-------
Melee: Unarmed           |   119 |   189 |    84 ||   392
       Headbutt          |     8 |       |       ||     8
       Punch             |       |     3 |       ||     3
 Cast: Beastly Appendage |     7 |     3 |       ||    10
       Sticks to Snakes  |       |    19 |       ||    19
       Spider Form       |       |     4 |    10 ||    14
Invok: Bend Time         |       |       |     1 ||     1
 Abil: Spit Poison       |     9 |     3 |     2 ||    14
  Use: Scroll            |       |     1 |       ||     1
  Eat: Chunk             |     2 |     6 |     4 ||    12
       Ration            |       |     1 |     1 ||     2
Armor: Robe              |    31 |    53 |    14 ||    98
       Skin              |       |     1 |     5 ||     6
Dodge: Dodged            |    81 |   117 |    74 ||   272
